Merl, neutral female human Valkyrie --- ---- ---..----..--- - - --......|.....| |... |.............-- --- -............(.....---.---- --..........<.............| -- ----------------------... --................-- -......................................................[.......| - ---------------- -------------.[----...-| -..-- --...---- ...----- --...|.-- |... |..---......| --..---..........-- ---.............-- --.............| --...........-- ----...---..- - ----------..----... |....h@..d...........| ---------------------- Merl the Fighter Experience level: 6 Strength: 18/02 Dexterity: 12 Constitution: 17 Intelligence: 8 Wisdom: 10 Charisma: 9 Health: 0(53) Energy: 16(16) Def: 9 Gold: 847 Moves: 4005 Dungeon seed: edDdAhhJ3LPL6W8U Game ID: Merl_1525006469 Your Inventory: Coins $ - 847 gold pieces Weapons a - a +1 long sword (weapon in hand) b - a +0 dagger p - 13 +0 darts Armor e - an uncursed +3 small shield (being worn) n - an uncursed +0 pair of kicking boots (being worn) I - a cursed -1 dwarvish mithril-coat (being worn) J - an uncursed -1 pair of iron shoes N - a cursed -1 dwarvish cloak (being worn) Comestibles c - 2 uncursed food rations C - 2 uncursed tripe rations K - an uncursed melon Scrolls V - an uncursed scroll of teleportation Potions X - an uncursed potion of see invisible Rings j - an uncursed ring of aggravate monster M - an uncursed ring of shock resistance W - an uncursed ring of invisibility Wands u - a wand of striking (0:0) v - a blessed wand of magic missile (0:6) A - a blessed wand of fire (0:3) Tools d - an uncursed oil lamp (0:419) i - an uncursed leash k - a +0 pick-axe q - an uncursed tin whistle O - an uncursed bag of holding S - an uncursed mirror T - 6 cursed tallow candles (0:200) U - a blessed oil lamp (0:1004) Contents of the bag of holding: an uncursed orange an uncursed scroll of create monster a cursed scroll of create monster a blessed scroll of destroy armor an uncursed scroll of destroy armor an uncursed scroll of food detection a blessed scroll of identify 2 uncursed scrolls of identify a cursed scroll of identify an uncursed scroll of magic mapping an uncursed scroll of remove curse an uncursed potion of confusion an uncursed potion of gain energy a blessed potion of hallucination a potion of holy water a cursed potion of sleeping an uncursed potion of speed a potion of unholy water 2 uncursed worthless pieces of red glass Spells and supernatural/magical abilities: Name Level Category Fail Memory W - pray for help -- divine ? -- Your skills at the end: Fighting Skills Weapon Skills dagger [Basic] long sword [Skilled] Spellcasting Skills Final Attributes: You were piously aligned. You were cold resistant. You were stealthy. You were lucky. You are dead. Vanquished creatures: an imp 2 wood nymphs a fog cloud a yellow light 2 shriekers 5 gnome lords a guardian naga hatchling a ghoul 2 straw golems a floating eye a kitten 5 dwarves 2 kobold shamans 7 hill orcs 3 rothes a wererat a werejackal 3 iguanas 2 gas spores 4 hobbits 2 large kobolds 2 hobgoblins 5 cave spiders a brown mold a yellow mold a green mold 2 red molds 10 gnomes 3 geckos 9 jackals a fox a kobold 5 goblins 6 sewer rats 2 grid bugs 3 lichens a kobold zombie 6 newts 107 creatures vanquished. Voluntary challenges: You used a wielded weapon 95 times, starting on turn 31. You read items or engraved 3 times, starting on turn 1479. You never genocided any monsters. You never polymorphed an object. You never changed form. You used no wishes. You never split a pudding. You wrote Elbereth's name 2 times, starting on turn 1479. You never violated your personal moral code. Dungeon overview: The Dungeons of Doom: levels 1 to 7 Level 1 some fountains a long staircase Level 2 a potion shop Level 3 a general store Level 4 an altar to Odin stairs to The Gnomish Mines Level 5 (large shop) a general store, a fountain Level 6 many fountains Level 7 a potion shop, a fountain, a sink a long staircase The Gnomish Mines: levels 5 to 6 Level 5 stairs to The Dungeons of Doom Level 6 <- You were here History has recorded: On T:1 you entered the Dungeons of Doom to retrieve the Amulet of Yendor! On T:51 you reached level 2 of The Dungeons of Doom. On T:762 you advanced to experience level 2. On T:839 you reached level 3 of The Dungeons of Doom. On T:1154 you reached level 4 of The Dungeons of Doom. On T:1320 you advanced to experience level 3. On T:1376 you reached level 1 of The Gnomish Mines. On T:1678 you reached level 5 of The Dungeons of Doom. On T:1890 you reached level 6 of The Dungeons of Doom. On T:1945 you advanced to experience level 4. On T:2169 you reached level 7 of The Dungeons of Doom. On T:2705 you advanced to experience level 5. On T:3169 you advanced to experience level 6. On T:3965 you reached level 2 of The Gnomish Mines. Score breakdown: Gold: 847 ( 9961 points) Experience: 6 levels (12456 points) Exploration: 7 levels ( 14.00%) (10497 points) Discoveries: 7 items ( 2.86%) ( 5070 points) Valuables value: (no points given unless you survive) Artifact value: 0 ( 0 points) Variety of kills: 38 monsters ( 9.97%) ( 9474 points) Turncount: 4005 turns (-1026 points) Survival: died (score multiplied by 80%) Total score: 37145 Latest messages: The large dog picks up a dwarvish cloak. The large dog drops a dwarvish cloak. You see here a dwarvish cloak. The gnome misses. You kill the gnome! W - a pearl ring. The dwarf king hurls a brown potion! The vial crashes on your head and breaks into shards. It suddenly gets dark. You can see again. X - an orange potion. You hit the dwarf king! (2x) The dwarf king wields a dwarvish mattock! The dwarf king swings his dwarvish mattock. The dwarf king hits! You hit the dwarf king! You miss the dwarf king. The dwarf king swings his dwarvish mattock. The dwarf king hits! The dwarf king swings his dwarvish mattock. The dwarf king hits! You die... Final status: Farvel Merl the Valkyrie, killed by a dwarf king... You died in The Gnomish Mines on dungeon level 6 with 37145 points, and 847 pieces of gold, after 4005 moves. You were level 6 with a maximum of 53 hit points when you died.